 Dungeon Crawl Stone Soup version 0.28.0 (webtiles) character file.

Game seed: 13534863318354556528

72 Zzerr the Covered (level 4, -8/40 HPs)
             Began as a Minotaur Fighter on Feb 7, 2022.
             Killed from afar by a green death (16 damage)
             ... with a blast of poison
             ... on level 3 of the Abyss.
             The game lasted 00:05:07 (959 turns).

Zzerr the Covered (Minotaur Fighter)                 Turns: 959, Time: 00:05:11

Health: -8/40      AC:  7    Str: 22    XL:     4   Next: 7%
Magic:  3/3        EV: 24    Int:  5    God:
Gold:   35         SH:  4    Dex: 10    Spells: 3/3 levels left

rFire   . . .      SeeInvis .   a - +0 war axe
rCold   . . .      Faith    .   c - +0 buckler
rNeg    . . .      Spirit   .   b - +0 scale mail
rPois   .          Reflect  .   (helmet restricted)
rElec   .          Harm     .   (no cloak)
rCorr   .          Rampage  .   (no gloves)
Will    .....                   (no boots)
Stlth   ..........              f - amulet of the acrobat
HPRegen 0.13/turn               (no ring)
MPRegen 0.08/turn               (no ring)

@: lethally poisoned (-8 -> -32), acrobatic
A: horns 2, retaliatory headbutt
a: no special abilities


You were on level 3 of the Abyss.
You visited 1 branch of the dungeon, and saw 2 of its levels.
You visited the Abyss 1 time.

You collected 35 gold pieces.

Inventory:

Hand Weapons
 a - a +0 war axe (weapon)
 m - a +1 spear of flaming
Missiles
 g - 13 stones (quivered)
Armour
 b - a +0 scale mail (worn)
 c - a +0 buckler (worn)
Jewellery
 e - an amulet of guardian spirit
 f - an amulet of the acrobat (around neck)
Scrolls
 h - a scroll of brand weapon {unknown}
 i - 2 scrolls of holy word {unknown}
 j - a scroll of immolation {unknown}
 l - a scroll of torment {unknown}
Potions
 d - a potion of might
 k - a potion of invisibility {unknown}
 n - a potion of flight {unknown}


   Skills:
 + Level 4.3 Fighting
 + Level 3.3 Axes
 + Level 4.4 Armour
 + Level 4.3 Shields


You had 3 spell levels left.
You didn't know any spells.
Your spell library was empty.

Dungeon Overview and Level Annotations

Branches:
Dungeon (2/15)

Altars:


Innate Abilities, Weirdness & Mutations

You have a pair of horns on your head.
You reflexively headbutt those who attack you in melee.


Message History

You plunge deeper into the Abyss.
An ufetubus comes into view.
The ufetubus shouts!
The ufetubus misses you. You furiously retaliate!
You headbutt the ufetubus. The ufetubus barely misses you.
You slash the ufetubus!
You kill the ufetubus!
That felt strangely unrewarding.
The raiju barks!
Found a gateway leading deeper into the Abyss.
The raiju bursts into living lightning!
The living lightning hits you!
* * * LOW HITPOINT WARNING * * *
The raiju blinks!
The raiju bursts into living lightning!
The living lightning misses you.
The raiju blinks!
You closely miss the raiju.
The raiju bursts into living lightning!
The living lightning misses you.
The raiju blinks!
An ufetubus comes into view.
The ufetubus shouts!
There is a gateway leading deeper into the Abyss here.
You can't go up here!
You plunge deeper into the Abyss.
The abyssal rune of Zot can be found at this depth.
Found a corrupted altar of Lugonu.
A bone dragon comes into view.
Found a gateway leading deeper into the Abyss.
A green death comes into view.
The green death roars!
The green death gestures at you. The blast of poison misses you.
You are engulfed in poison gas.
You are lethally poisoned!
* * * LOW HITPOINT WARNING * * *
x2 You feel very sick.
The green death gestures at you. The blast of poison engulfs you!
You are more poisoned.
You die...

#..... ..#... ..
......###.#X..#..
#._..............
##.....D.......#>
.....#............
#.. #.☼.+###.....
.#...#☼○○#...#....
......#○○....# .#.
#....○@○§#.......
#........☼☼2..#. .
........#.......
.#.....####.#...
##.#.. #.#.# ##...
#.. ##.. .. ..#


You could see a bone dragon and a green death.

Vanquished Creatures
  An ufetubus (Abyss:2)
  A worm (D:2)
  3 dart slugs (D:1)
  8 ball pythons
  6 endoplasms
  4 goblins (D:1)
  5 hobgoblins
  7 jackals (D:1)
  6 kobolds (D:1)
  3 quokkas (D:1)
  2 bats (D:1)
  3 frilled lizards (D:1)
  6 rats
55 creatures vanquished.

Notes
Turn   | Place    | Note
-------+----------+-------------------------------------------
     0 | D:1      | Zzerr the Minotaur Fighter began the quest for the Orb.
     0 | D:1      | Reached XP level 1. HP: 19/19 MP: 0/0
    61 | D:1      | Reached XP level 2. HP: 24/27 MP: 1/1
   199 | D:1      | Reached XP level 3. HP: 17/33 MP: 2/2
   818 | D:2      | Reached XP level 4. HP: 36/40 MP: 3/3
   859 | D:2      | Cast into level 1 of the Abyss (goblin)
   864 | Abyss:1  | Noticed a fire bat
   864 | Abyss:1  | Noticed a fire bat
   864 | Abyss:1  | Noticed a fire bat
   864 | Abyss:1  | Noticed a fire bat
   907 | Abyss:2  | Noticed a raiju
   940 | Abyss:2  | Noticed a wraith
   941 | Abyss:3  | Found a corrupted altar of Lugonu.
   953 | Abyss:3  | Noticed a large abomination
   955 | Abyss:3  | Noticed a bone dragon
   958 | Abyss:3  | Noticed a green death
   959 | Abyss:3  | Killed from afar by a green death

Illustrated notes

Levels and vault maps discovered:
D:1:      lightli_iron_boxes, layout_rooms, minmay_surrounded
D:2:      layout_basic, basic_altar, serial_shops, nicolae_square_shop,
          grunt_ministairs_6, minmay_vboxes
Abyss:3:  base: D:2, bh_abyss_exit_grid

Skill      XL: |  1  2 |
---------------+-------+-----
Armour         | 4 |  4.4
Fighting       | 4 |  4.3
Shields        | 4 |  4.3
Axes           | 3 |  3.3

Action                   |  1- 3 |  4- 6 || total
-------------------------+-------+-------++-------
Melee: War axe           |    93 |     6 ||    99
       Headbutt          |     9 |       ||     9
Armor: Scale mail        |    46 |     6 ||    52
Dodge: Dodged            |    64 |    17 ||    81
Block: Buckler           |    13 |     1 ||    14
